 Dungeon Crawl Stone Soup version 0.27-a0-631-g2d681adce0 (webtiles) character file.

Game seed: 6602047255596406010

179 tilp the Insei (level 5, 0/35 HPs)
             Began as an Octopode Transmuter on Mar 13, 2021.
             Killed from afar by Natasha (8 damage)
             ... with a magic dart
             ... on level 2 of the Dungeon.
             The game lasted 00:02:50 (2547 turns).

tilp the Insei (Octopode Transmuter)                Turns: 2547, Time: 00:02:51

Health: 0/35       AC:  1    Str:  9    XL:     5   Next: 59%
Magic:  7/8        EV: 13    Int: 16    God:
Gold:   78         SH:  0    Dex: 13    Spells: 5/8 levels left

rFire    . . .     SeeInvis .     - Unarmed
rCold    . . .     Faith    .   (no shield)
rNeg     . . .     Spirit   .   (helmet restricted)
rPois    .         Reflect  .   (no amulet)
rElec    .         Harm     .   (no ring)
rCorr    .         Rampage  .   (no ring)
Will     .....                  (no ring)
Stlth    +++.......             (no ring)
HPRegen  0.11/turn              (no ring)
MPRegen  0.11/turn              (no ring)
                                (no ring)
                                (no ring)

@: no status effects
A: almost no armour, amphibious, 8 rings, camouflage 1, gelatinous body 1,
nimble swimmer 1, tentacles
a: no special abilities


You were on level 2 of the Dungeon.
You visited 1 branch of the dungeon, and saw 2 of its levels.

You collected 78 gold pieces.

Inventory:

Missiles
 a - 30 stones (quivered)
Scrolls
 c - a scroll of amnesia {unknown}
 f - a scroll of immolation {unknown}
Potions
 d - 2 potions of curing
 e - 2 potions of invisibility


   Skills:
 + Level 2.5 Fighting
 - Level 2.0 Dodging
 - Level 4.0 Stealth
 * Level 4.6 Unarmed Combat
 - Level 2.0 Spellcasting
 - Level 2.0 Transmutations


You had 5 spell levels left.
You knew the following spells:

 Your Spells              Type           Power      Damage    Failure   Level
a - Beastly Appendage     Tmut           16%        N/A       9%          1
b - Wereblood             Tmut           8%         N/A       14%         2

Your spell library contained the following spells:

 Spells                   Type           Power      Damage    Failure   Level
 Spider Form              Tmut/Pois      2%         N/A       38%         3
 Ice Form                 Ice/Tmut       4%         N/A       80%         4
 Blade Hands              Tmut           4%         N/A       94%         5


Dungeon Overview and Level Annotations

Branches:
Dungeon (2/15)

Altars:

Annotations:
D:2 Natasha


Innate Abilities, Weirdness & Mutations

You cannot wear most types of armour.
You are amphibious.
You can wear up to eight rings at the same time.
Your skin changes colour to match your surroundings (Stealth+).
Your rubbery body absorbs attacks. (AC +1, EV +1)
You are stealthy while swimming. (Stealth+)
You have tentacles for arms and can constrict up to eight enemies at once.


Message History

Your tentacle spike disappears.
You constrict the worm.
Natasha, Servant of Life and Death comes into view.
She is carrying a wand of polymorph (9).
You tentacle-slap the worm but do no damage.
The worm is severely wounded.
You constrict the worm.
You feel sick.
Natasha mumbles some strange words.
The worm bites you.
* * * LOW HITPOINT WARNING * * *
Unknown command.
You bludgeon the worm!
You kill the worm!
Unknown command.
Your primal bloodlust has ended.
Natasha closely misses you.
Items here: ) [ ††††.
You tentacle-slap Natasha. You grab Natasha.
Natasha is moderately wounded.
You constrict Natasha.
You feel sick.
You are no longer poisoned.
You tentacle-slap Natasha.
Natasha is heavily wounded.
You constrict Natasha. Natasha barely misses you.
You barely miss Natasha. You squeeze Natasha.
Natasha is severely wounded.
You constrict Natasha. Natasha claws you.
* * * LOW HITPOINT WARNING * * *
You tentacle-slap Natasha. You squeeze Natasha.
You kill Natasha!
Natasha screams in fury as she dies!
Unknown command.
You start resting.
A hobgoblin comes into view. It is wielding a +0 scimitar.
A hobgoblin is nearby!
Unknown command.
Natasha, Servant of Life and Death comes into view.
She is carrying a wand of polymorph (9).
Natasha hisses.
Natasha stares at you and mumbles some strange words.
The magic dart hits you!
You die...

##..# .## ..#.#
# #.. #g#.#.#.#
. #.#(#.# ###.
##$8[## ....
... #.#)#.##..#
...# #.#)#)#..#
....#h###.#...#
....#####@.##
#.......?##
#.......##
##.......#
#........####
#...........#
#.h..####....#
#......####....
#.###....####..


You could see Natasha and a hobgoblin.

Vanquished Creatures
  Jessica (D:2)
  Natasha (twice) (D:2)
  Robin (D:2)
  3 adders
  A worm (D:2)
  2 dart slugs (D:1)
  A ball python (D:2)
  3 giant cockroaches
  11 goblins
  12 hobgoblins
  3 jackals (D:1)
  5 bats
  3 frilled lizards (D:1)
  4 kobolds
  7 rats
59 creatures vanquished.

Notes
Turn   | Place    | Note
-------+----------+-------------------------------------------
     0 | D:1      | tilp the Octopode Transmuter began the quest for the Orb.
     0 | D:1      | Reached XP level 1. HP: 13/13 MP: 3/3
   188 | D:1      | Reached skill level 1 in Stealth
   366 | D:1      | Reached XP level 2. HP: 16/18 MP: 3/5
   371 | D:1      | Learned a level 2 spell: Wereblood
  1043 | D:1      | Reached XP level 3. HP: 21/23 MP: 3/6
  2167 | D:2      | Noticed Natasha
  2179 | D:2      | Killed Natasha
  2180 | D:2      | Reached XP level 4. HP: 29/29 MP: 5/7
  2265 | D:2      | Noticed Robin
  2282 | D:2      | Killed Robin
  2518 | D:2      | Noticed Jessica
  2519 | D:2      | Reached XP level 5. HP: 27/34 MP: 4/8
  2521 | D:2      | Killed Jessica
  2533 | D:2      | Noticed Natasha
  2541 | D:2      | Killed Natasha
  2547 | D:2      | Noticed Natasha
  2547 | D:2      | Killed from afar by Natasha

Illustrated notes

Levels and vault maps discovered:
D:1:      beargit_arrival_greenhouse, layout_loops_corners,
          chequers_serial_rivers_large_b
D:2:      layout_loops_ring, minmay_misc_feat_x,
          corexii_item_surrounded_by_moat, minmay_door_square, minmay_circle_x,
          uniq_jessica, uniq_natasha, uniq_crazy_yiuf_cottage, uniq_robin

Skill      XL: |  1  2  3  4 |
---------------+-------------+-----
Stealth        | 2 3 4 |  4.0
Fighting       | 2 |  2.5
Unarmed Combat | 4 |  4.6
Dodging        | |  2.0
Spellcasting   | |  2.0
Transmutations | |  2.0

Action                   |  1- 3 |  4- 6 || total
-------------------------+-------+-------++-------
Melee: Unarmed           |    98 |    47 ||   145
       Constrict         |    26 |    17 ||    43
       Tentacles         |     7 |    10 ||    17
       Punch             |     1 |     3 ||     4
       Kick              |     7 |     5 ||    12
Throw: Stone             |       |     1 ||     1
 Cast: Beastly Appendage |     4 |     5 ||     9
       Wereblood         |     3 |     3 ||     6
  Use: Scroll            |     3 |       ||     3
       Potion            |     1 |       ||     1
 Stab: Sleeping          |    10 |       ||    10
Armor: Skin              |    14 |       ||    14
Dodge: Dodged            |    45 |    18 ||    63

Table legend: (Time is in decaauts)
 A = Elapsed time spent in this place.
 B = Non-inter-level travel time spent in this place.
 C = Inter-level travel time spent in this place.
 D = Time resting spent in this place.
 E = Time spent auto-exploring this place.
 F = Levels seen in this place.
 G = Mean time per level.
                   A        B        C        D        E       F      G
               +--------+--------+--------+--------+--------+-----+--------+
         Total |   2538 |   2497 |     41 |    289 |   1855 |   2 | 1269.0 |
       Dungeon |   2538 |   2497 |     41 |    289 |   1855 |   2 | 1269.0 |
               +--------+--------+--------+--------+--------+-----+--------+

Top non-repeatable levels by time:
     D:1: 1924 daAuts
     D:2: 613 daAuts
